 Dungeon Crawl Stone Soup version 0.30.0-15-g856e2d3f33 (webtiles) character file.

Game seed: 16516043725431207355

907 Persephone the Cleaver (level 7, -2/85 HPs)
             Began as a Minotaur Fighter on May 19, 2023.
             Was a Follower of Okawaru.
             Slain by a gnoll sergeant
             ... wielding a +0 trident of protection
              (6 damage)
             ... on level 5 of the Dungeon.
             The game lasted 00:09:14 (4429 turns).

Persephone the Cleaver (Minotaur Fighter)           Turns: 4429, Time: 00:09:15

Health: -2/85      AC: 23    Str: 23    XL:     7   Next: 81%
Magic:  5/6        EV:  2    Int:  5    God:    Okawaru [*.....]
Gold:   216        SH:  4    Dex:  9    Spells: 6/6 levels left

rFire   . . .        a - +0 war axe
rCold   . . .        c - +0 buckler
rNeg    . . .        p - melded +0 crystal plate armour
rPois   +            (helmet currently unavailable)
rElec   .            l - melded +0 cloak
rCorr   .            (gloves currently unavailable)
SInv    .            (boots currently unavailable)
Will    .....        (no amulet)
Stlth   +            (no ring)
HPRegen 0.34/turn    (no ring)
MPRegen 0.10/turn

%: no passive effects
@: tree-form, hasted, very quick
A: stationary, stasis, torment immunity, boosted hp, (horns 2), (retaliatory
headbutt)
a: Renounce Religion, Heroism


You were on level 5 of the Dungeon.
You worshipped Okawaru.
Okawaru was aware of your devotion.
You were a tree.
You visited 1 branch of the dungeon, and saw 5 of its levels.

You collected 216 gold pieces.

Inventory:

Hand Weapons
 a - a +0 war axe (weapon)
Missiles
 j - 5 javelins (quivered)
 m - a throwing net
Armour
 b - a +0 scale mail
 c - a +0 buckler (worn)
 l - a +0 cloak (melded)
 p - a +0 crystal plate armour (melded)
 s - the +0 ring mail of the Sun {rPois Int+3}
   (You found it on level 3 of the Dungeon)

   Int:       It affects your intelligence (+3).
   rPois:     It protects you from poison.
Scrolls
 e - a scroll of identify
 f - 2 scrolls of teleportation
 i - a scroll of acquirement {unknown}
 t - a scroll of enchant armour {unknown}
 v - a scroll of butterflies {unknown}
 x - a scroll of magic mapping {unknown}
Potions
 d - 2 potions of might
 g - 2 potions of degeneration
 h - 2 potions of attraction
 q - 2 potions of flight
 r - a potion of magic
 u - a potion of mutation {unknown}
 w - a potion of resistance {unknown}


   Skills:
 - Level 3.6 Fighting
 + Level 10.9 Axes
 - Level 3.6 Armour
 - Level 3.6 Shields


You had 6 spell levels left.
You didn't know any spells.
Your spell library contained the following spells:

 Spells                   Type           Power      Damage    Failure   Level
 Apportation              Tloc           0%         N/A       54%         1
 Necrotise                Necr           0%         1d4       54%         1
 Sublimation of Blood     Necr           0%         N/A       67%         2
 Wereblood                Tmut           0%         N/A       67%         2
 Volatile Blastmotes      Fire/Tloc      0%         2d10      88%         3
 Fulminant Prism          Conj/Hex       0%         3d5       99%         4
 Iskenderun's Mystic Bla  Conj/Tloc      0%         2d3       99%         4
 Lee's Rapid Deconstruct  Erth           0%         3d4*      100%        5
 Summon Small Mammal      Summ           Unusable   N/A       N/A         1
 Summon Hydra             Summ           Unusable   N/A       N/A         7

Dungeon Overview and Level Annotations

Branches:
Dungeon (5/15)
 Temple: D:4-7

Altars:
Okawaru
The Shining One

Shops:
D:1 [

Annotations:
D:3 2 transporters, TrollFarmer's ghost, amateur SpHu


Innate Abilities, Weirdness & Mutations

You are a tree.
Your roots penetrate the ground, keeping you stationary.
You cannot be teleported.
You are immune to unholy pain and torment.
Your maximum health is greatly increased.
Your equipment is partially melded.
((You have a pair of horns on your head.))
((You reflexively headbutt those who attack you in melee.))


Message History

The gnoll hits you but does no damage.
The gnoll sergeant hits you from afar with a +0 trident of protection.
You feel yourself speed up. You block the gnoll's attack.
The gnoll hits you but does no damage.
The gnoll sergeant hits you from afar with a +0 trident of protection.
You slash the gnoll!
You kill the gnoll!
Okawaru accepts your kill.
You feel like a meek peon again. The gnoll hits you with a +0 spear!
* * * LOW HITPOINT WARNING * * *
The gnoll sergeant hits you but does no damage.
You see here a +0 club.
The gnoll sergeant blocks your attack.
You headbutt the gnoll sergeant, but do no damage.
You hit the gnoll but do no damage. The gnoll sergeant blocks your attack.
You slash the gnoll! The gnoll hits you but does no damage.
The gnoll sergeant hits you but does no damage.
The gnoll sergeant blocks your attack.
You hit the gnoll. The gnoll hits you with a +0 spear!
* * * LOW HITPOINT WARNING * * *
The gnoll sergeant hits you with a +0 trident of protection.
* * * LOW HITPOINT WARNING * * *
Okay, then.
You hit the gnoll sergeant.
The gnoll sergeant is lightly wounded.
You completely miss the gnoll. You barely miss the gnoll sergeant.
Your headbutt misses the gnoll sergeant.
The gnoll sergeant is lightly wounded.
You barely miss the gnoll. The gnoll hits you with a +0 spear.
* * * LOW HITPOINT WARNING * * *
You block the gnoll sergeant's attack.
It was a potion of lignification.
You turn into a tree.
Your +0 cloak melds into your body.
Your +0 crystal plate armour melds into your body.
Your roots penetrate the ground.
The gnoll hits you but does no damage.
The gnoll sergeant hits you with a +0 trident of protection.
You die...

...#...# ..#....#
###....#
##...###########
#.............##
##......... ...## #
#.....#### #...# ##
##..### #g..# ##.
##....#######♣g.#
##..
##..........$.).$#
##...
###......÷......!.##
##....
.<......###########
#....# .[))..###
##..### ......#
##..## ......##
##.### .......#
###.## .).....##
##...#


You could see a gnoll sergeant and a gnoll.

Vanquished Creatures
  Eustachio (D:5)
  A water moccasin (D:5)
  An ogre (D:4)
  A phantom (D:4)
  Blork the orc (D:4)
  A jelly (D:5)
  Crazy Yiuf (D:2)
  2 orc priests (D:4)
  A sleepcap (D:4)
  2 iguanas
  10 gnolls
  4 adders
  A worm (D:2)
  2 dart slugs
  17 orcs (D:4)
  5 bats
  7 endoplasms
  4 giant cockroaches
  5 goblins
  7 hobgoblins
  3 jackals (D:1)
  3 quokkas
  12 ball pythons
  4 frilled lizards
  10 kobolds
  9 rats
115 creatures vanquished.

Notes
Turn   | Place    | Note
-------+----------+-------------------------------------------
     0 | D:1      | Persephone the Minotaur Fighter began the quest for the
                  | Orb.
     0 | D:1      | Reached XP level 1. HP: 19/19 MP: 0/0
    91 | D:1      | Reached skill level 3 in Axes
   224 | D:1      | Reached XP level 2. HP: 23/26 MP: 1/1
   328 | D:1      | Reached skill level 4 in Axes
   404 | D:1      | Found Qeux's Armour Emporium.
   426 | D:1      | Reached XP level 3. HP: 31/31 MP: 2/2
   973 | D:2      | Found a runed translucent door.
   974 | D:2      | Noticed Crazy Yiuf
  1044 | D:2      | Killed Crazy Yiuf
  1045 | D:2      | Reached skill level 5 in Axes
  1045 | D:2      | Reached XP level 4. HP: 10/39 MP: 3/3
  1490 | D:2      | Found an iron altar of Okawaru.
  1518 | D:2      | Became a worshipper of Warmaster Okawaru
  1827 | D:3      | Found a transporter.
  2104 | D:3      | Found a faded altar of an unknown god.
  2240 | D:3      | Noticed TrollFarmer's ghost (amateur SpHu)
  2241 | D:3      | Found a transporter.
  2319 | D:3      | Reached skill level 6 in Axes
  2322 | D:3      | Reached XP level 5. HP: 32/45 MP: 4/4
  2331 | D:3      | Identified the +0 ring mail of the Sun {rPois Int+3}
  2675 | D:4      | Reached skill level 7 in Axes
  3036 | D:4      | Noticed Blork the orc
  3044 | D:4      | Killed Blork the orc
  3045 | D:4      | Reached XP level 6. HP: 51/51 MP: 5/5
  3139 | D:4      | Reached skill level 8 in Axes
  3500 | D:4      | Reached skill level 9 in Axes
  3575 | D:4      | Found a glowing golden altar of the Shining One.
  3835 | D:4      | Reached * piety under Okawaru
  3836 | D:4      | Reached XP level 7. HP: 55/57 MP: 6/6
  3923 | D:5      | Entered Level 5 of the Dungeon
  3923 | D:5      | Noticed Eustachio
  3948 | D:5      | Killed Eustachio
  3949 | D:5      | Reached skill level 10 in Axes
  4428 | D:5      | HP: 2/57 [gnoll/+0 spear[a gnoll sergeant] (4)]
  4429 | D:5      | Slain by a gnoll sergeant

Illustrated notes

Levels and vault maps discovered:
D:1:      roderic_dead_forest, layout_loops_ring, serial_shops,
          nicolae_shop_rolling_square
D:2:      layout_basic, basic_altar, uniq_crazy_yiuf_cottage
D:3:      layout_basic, gammafunk_ghost_mausoleum, portal_sewer_entry_b,
          shapermc_ecumenical_altar_totnotflames
D:4:      layout_basic, nicolae_tso_swordbearing_angel, uniq_blork_the_orc
D:5:      layout_layer_cave, mainiacjoe_overflow_tiny_flanked, uniq_eustachio

Skill      XL: |  1  2  3  4  5  6  7 |
---------------+----------------------+-----
Axes           | 3 4 5 6 7 9 10 | 10.9
Fighting       | |  3.6
Armour         | |  3.6
Shields        | |  3.6

Action                     |  1- 3 |  4- 6 |  7- 9 || total
---------------------------+-------+-------+-------++-------
  Melee: War axe           |    68 |   158 |    42 ||   268
         Headbutt          |     6 |    17 |     6 ||    29
  Throw: Javelin           |    11 |       |       ||    11
 Invoke: Heroism           |       |       |     2 ||     2
    Use: Scroll            |       |    11 |       ||    11
         Potion            |       |       |     6 ||     6
 Armour: Scale mail        |    33 |    21 |       ||    54
         Crystal plate arm |       |    93 |    57 ||   150
         Skin              |       |       |     1 ||     1
  Dodge: Dodged            |    28 |    21 |    15 ||    64
  Block: Buckler           |    20 |    40 |    22 ||    82
